AoeStats
← UPHARSIN

Arabia

510171623Analyzed
1v1 RM · 3d ago on Sep 29, 2026· 24m 1s· 2 players
Game mode
Random Map
Map size
Tiny (2 player)
Population
200
Speed
Normal
Resources
Standard
Victory
Conquest
Starting age
Dark Age
Ending age
Imperial Age
RankedLock teamsTeams togetherTeam positionsShared explorationLock speedFull tech treeHidden civsTurbo modeCheats
Victory
Defeat
🇨🇦 Bulgarians · Canada
1351
+15
🇦🇷 Dravidians · Argentina
1320
-15
[NT] Gandalf
6:46 Loom
9:11 Feudal Age
10:09 Double-Bit Axe
16:34 Wheelbarrow
17:02 Fletching
23:46 Castle Age
21:58 Horse Collar
23:51 Elite Skirmisher
UPHARSIN
6:13 Loom
8:56 Feudal Age
9:28 Double-Bit Axe
10:07 Horse Collar
19:06 Castle Age
18:28 Scale Barding Armor
18:33 Forging
18:59 Bloodlines
18:54 Gold Mining
20:14 Chain Barding Armor
Connection lost

Rejoining the realm…

Still unreachable

The connection could not be restored.

Session expired

The server has moved on; the page needs a fresh start.